 Dungeon Crawl Stone Soup version 0.17.1-2-g5865329 (console) character file.

37023 utis the Summoner (level 13, 98/98 HPs)
             Began as a Mummy Summoner on Feb 11, 2016.
             Was a Priest of Sif Muna.
             Quit the game on level 9 of the Dungeon on Feb 15, 2016.
             The game lasted 02:37:55 (35236 turns).

utis the Summoner (Mummy Summoner)                 Turns: 35236, Time: 02:37:56

Health: 98/98      AC: 21    Str: 11    XL:     13   Next: 56%
Magic:  34/34      EV: 16    Int: 19    God:    Sif Muna [***...]
Gold:   1312       SH:  0    Dex: 13    Spells: 9 memorised, 1 level left

rFire  x . .     SeeInvis .     H - +2 halberd (freeze)
rCold  + . .     Clarity  .     D - +0 steam dragon armour
rNeg   + + +     SustAt   .     (shield currently unavailable)
rPois  ∞         Gourm    .     I - +1 helmet
rElec  .         Spirit   +     r - +1 cloak
rCorr  .         Warding  .     c - +0 pair of gloves
rMut   .         Stasis   .     d - +2 pair of boots
MR     +....                    G - amulet of guardian spirit
Stlth  +++.......               W - ring of magical power
                                e - +6 ring of protection

@: somewhat resistant to hostile enchantments, fairly stealthy
A: no food or potions, fire vulnerability, cold resistance 1, negative energy
resistance 3, torment resistance, unbreathing, in touch with death 1, restore
body
a: Self-Restoration, Channel Energy, Forget Spell, Renounce Religion


You were on level 9 of the Dungeon.
You worshipped Sif Muna.
Sif Muna was most pleased with you.
You were not hungry.

You visited 3 branches of the dungeon, and saw 20 of its levels.

You collected 1402 gold pieces.
You spent 90 gold pieces at shops.

Inventory:

Hand Weapons
 a - a +2 dagger of venom
 t - a +0 blowgun {@w1}
 z - the +7 hunting sling of the Blind Eye {velocity, Str+4}
   (You found it on level 8 of the Lair of Beasts)

   Any stone fired from it inflicts extra damage.
   It affects your strength (+4).
 C - a +0 war axe of electrocution
 H - a +2 halberd of freezing (weapon)
Missiles
 h - 419 stones (quivered)
 k - a javelin
 l - 92 poisoned needles
 n - 150 sling bullets
 M - 24 tomahawks
 Y - 3 poisoned tomahawks
Armour
 c - a +0 pair of gloves (worn)
 d - a +2 pair of boots (worn)
 r - a +1 cloak (worn)
 D - a +0 steam dragon armour (worn)
 I - a +1 helmet (worn)
Jewellery
 e - a +6 ring of protection (left hand)
 f - an uncursed ring of protection from fire
 g - an uncursed amulet of resist mutation
 s - an uncursed ring of flight
 A - an uncursed ring of ice
 F - an uncursed ring of fire
 G - an amulet of guardian spirit (around neck)
 K - the ring "Uhiqokhi" {MP+9 SInv Stlth-}
   (You found it on level 8 of the Lair of Beasts)

   [ring of loudness]

   It affects your magic capacity (+9).
   It lets you see invisible.
   It makes you less stealthy.
 S - a +5 ring of strength
 W - a ring of magical power (right hand)
Wands
 b - a wand of invisibility (2)
 q - a wand of random effects (26)
 v - a wand of paralysis (17)
 w - a wand of draining (9)
 E - a wand of cold (4)
 P - a wand of draining (8)
 Q - a wand of enslavement (13)
 R - a wand of fireball (5)
 T - a wand of digging (11)
 U - a wand of teleportation (1) {@v4}
Scrolls
 i - 7 scrolls of identify {@r1}
 j - 5 scrolls of remove curse {@r2}
 o - a scroll of enchant weapon
 p - 2 scrolls of recharging
 u - 3 scrolls of teleportation {@r4}
 x - a scroll of magic mapping
 y - 3 scrolls of random uselessness
 J - a scroll of noise
 L - 3 scrolls of blinking
 O - a scroll of fog
 X - 2 scrolls of vulnerability
 Z - a scroll of fear
Books
 m - a book of Callings

   Spells                             Type                      Level
   a - Summon Small Mammal            Summoning                    1
   b - Call Imp                       Summoning                    2
   c - Call Canine Familiar           Summoning                    3
   d - Summon Guardian Golem          Hexes/Summoning              3
   e - Summon Lightning Spire         Summoning/Air                4
   f - Summon Ice Beast               Ice/Summoning                4
 N - a Fen Folio

   Spells                             Type                      Level
   a - Corpse Rot                     Necromancy                   2
   b - Stone Arrow                    Conjuration/Earth            3
   c - Leda's Liquefaction            Hexes/Earth                  4
   d - Summon Forest                  Summoning/Translocation      5
   e - Hydra Form                     Transmutation                6
   f - Summon Hydra                   Summoning                    7
 V - a book of Power

   Spells                             Type                      Level
   a - Fulminant Prism                Conjuration/Hexes            4
   b - Iskenderun's Mystic Blast      Conjuration                  4
   c - Venom Bolt                     Conjuration/Poison           5
   d - Bolt of Magma                  Conjuration/Fire/Earth       5
   e - Iron Shot                      Conjuration/Earth            6
   f - Orb of Destruction             Conjuration                  7
   g - Spellforged Servitor           Conjuration/Summoning        7
Miscellaneous
 B - 2 phantom mirrors


   Skills:
 + Level 8.0 Fighting
 + Level 5.9 Armour
 + Level 7.3 Dodging
 - Level 5.1 Stealth
 - Level 8.0 Spellcasting
 - Level 10.9 Summonings
 - Level 4.3 Translocations
 - Level 6.0 Ice Magic
 - Level 6.2 Invocations


You had one spell level left.
You knew the following spells:

 Your Spells              Type           Power        Failure   Level  Hunger
a - Summon Small Mammal   Summ           ####         1%          1    N/A
b - Call Imp              Summ           #####...     1%          2    N/A
c - Call Canine Familiar  Summ           #####...     1%          3    N/A
d - Summon Ice Beast      Ice/Summ       #####...     3%          4    N/A
e - Summon Guardian Gole  Hex/Summ       ####....     3%          3    N/A
g - Shroud of Golubria    Chrm/Tloc      ###.......   8%          2    N/A
v - Blink                 Tloc           N/A          2%          2    N/A
Y - Summon Forest         Summ/Tloc      #####.....   12%         5    N/A
Z - Shadow Creatures      Summ           N/A          3%          5    N/A

Dungeon Overview and Level Annotations

Branches:
Dungeon (11/15)            Temple (1/1) D:7            Lair (8/8) D:8
 Shoals (0/4) Lair:6       Spider (0/4) Lair:6        Slime (0/6) Lair:7
    Orc (0/4) D:11

Altars:
Ashenzari
Cheibriados
Dithmenos
Elyvilon
Fedhas
Gozag
Kikubaaqudgha
Makhleb
Nemelex Xobeh
Okawaru
Qazlal
Ru
Sif Muna
Trog
Vehumet
Xom
Yredelemnul
Zin
The Shining One

Shops:
D:6 (*!?%

Annotations:
D:4 Sigmund


Innate Abilities, Weirdness & Mutations

You do not eat or drink.
Your flesh is vulnerable to fire.
You are immune to poison.
Your flesh is cold resistant.
You are immune to negative energy.
You are immune to unholy pain and torment.
You can survive without breathing.
You are in touch with the powers of death.
You can restore your body by infusing magical energy.


Message History

There is an open door here.
A giant frog comes into view.
There is an open door here.
No target in view!
There is a stone staircase leading down here.
There is a stone staircase leading down here.
Saving game... please wait.
Lua error: /dgldir/rcfiles/crawl-0.17/utis.rc:696: unexpected symbol near '#' Welcome back, utis the Mummy Summoner.
Sif Muna whispers: I know many secrets...
Press ? for a list of commands and other information.
Saving game... please wait.
Lua error: /dgldir/rcfiles/crawl-0.17/utis.rc:696: unexpected symbol near '#' Welcome back, utis the Mummy Summoner.
Sif Muna whispers: I know many secrets...
Press ? for a list of commands and other information.
Are you sure you want to abandon this character and quit the game? (Confirm with "yes".)
Okay, then.
Unknown command.
Are you sure you want to abandon this character and quit the game? (Confirm with "yes".)

......░.......░................░░
░░░░░.....▩.....░.░░░░░░░...░░░░░
░.░.......░.░.░ ░░.......
░.░.......░.░.░░░ ░.░░░░░.
░.░░.....░░.....░ ░.░ ░.
░.░░░░.░░░░.░.░.░ ░░'░░ ░.
░░░░....)......░.░.░ ░░...░░ ░.
░..........░.░░..░.░ ░░.....░░░░
░░.░░░.░░░..░.░░M░░.░░░.......░░
░...░░.░░░..░.......░░.........░░
.....................'.........'.
....░░░░░░.░░░░...░░░░...).....░░
.░.........░ ░░.░░ ░░.......░░
.░░░░░░░░░░░ ░.░ ░░.....░░ .░ ░.░
░░...░░ .░ ░.░ ░░'░░ .░ ░.░ ░.░


There were no monsters in sight!

Vanquished Creatures
  A death yak (Lair:8)
  A torpor snail (Lair:8)
  A spiny frog (Lair:8)
  A blink frog (Lair:8)
  A wyvern (Lair:5)
  A hippogriff (Lair:8)
  2 yaks
  A porcupine (Lair:7)
  2 water moccasins
  A spider (Lair:6)
  A sky beast (D:11)
  2 centaurs
  An eye of draining (D:9)
  An ice beast (D:11)
  5 crocodiles
  6 ogres
  10 giant frogs
  7 scorpions
  7 killer bees
  A crimson imp (D:9)
  10 hounds
  A giant frog skeleton (D:8)
  7 orc wizards
  4 worker ants
  4 orc priests
  5 iguanas
  A hound zombie (D:5)
  2 hound skeletons
  21 river rats
  10 adders
  6 gnolls
  A shadow imp (D:7)
  2 worms (D:3)
  4 giant geckos
  31 orcs
  2 giant cockroaches
  A goblin (D:2)
  3 hobgoblins
  10 jackals
  A kobold (D:3)
  2 quokkas
  2 giant newts (D:2)
  2 jackal skeletons (D:6)
  A quokka skeleton (D:9)
  6 rats
192 creatures vanquished.

Vanquished Creatures (collateral kills)
  7 hydras
  3 catoblepae (Lair:8)
  25 death yaks
  8 black mambas
  2 cyclopes (D:11)
  Maurice (D:10)
  15 elephants
  6 spiny frogs
  A gargoyle (D:11)
  7 komodo dragons
  A tengu conjurer (D:11)
  A queen bee (Lair:7)
  3 fire drakes
  2 polar bears
  26 blink frogs
  4 trolls
  44 yaks
  2 wyverns
  3 hungry ghosts
  2 basilisks
  6 wolves (Lair:8)
  A steam dragon (Lair:5)
  A shadow (D:11)
  A spatial vortex (Lair:7)
  10 hippogriffs
  13 water moccasins
  A mottled dragon (D:11)
  Duvessa (D:7)
  7 spiders
  8 porcupines
  2 soldier ants (D:10)
  An ice beast (D:6)
  A sky beast (D:5)
  2 black bears
  3 phantoms
  An ogre (D:5)
  7 orc warriors
  8 centaurs
  8 crocodiles
  6 giant frogs
  Dowan (D:7)
  3 water moccasin zombies
  A scorpion (D:11)
  34 killer bees
  5 wights (D:11)
  4 crimson imps
  10 orc priests
  A giant frog skeleton (D:7)
  A quasit (D:9)
  A giant frog zombie (D:6)
  6 iguanas
  5 jellies
  A worker ant (D:11)
  5 orc wizards
  16 sheep
  2 hound skeletons
  6 gnolls
  6 adders
  40 river rats
  4 shadow imps
  2 oozes
  A worm (D:2)
  A giant gecko (D:1)
  31 orcs
  3 ball pythons (D:1)
  4 bats
  A giant cockroach (D:1)
  5 goblins
  7 hobgoblins
  6 jackals
  7 kobolds
  A giant gecko skeleton (D:5)
  A giant gecko zombie (D:7)
  2 giant newts
  A jackal skeleton (D:4)
  2 jackal zombies
  2 rats
  24 fungi
  22 plants
526 creatures vanquished.

Vanquished Creatures (others)
  2 river rats (Lair:8)
  13 fungi
  26 plants
  913 snaplasher vine segments
954 creatures vanquished.

Grand Total: 1672 creatures vanquished

Notes
Turn   | Place    | Note
--------------------------------------------------------------
     0 | D:1      | utis the Mummy Summoner began the quest for the Orb.
     0 | D:1      | Reached XP level 1. HP: 13/13 MP: 3/3
   818 | D:1      | Reached XP level 2. HP: 19/19 MP: 0/5
   876 | D:1      | Learned a level 2 spell: Call Imp
  2614 | D:2      | Found a basalt altar of Yredelemnul.
  2630 | D:2      | Found a faded altar to an unknown god.
  3131 | D:2      | Reached skill level 4 in Summonings
  3209 | D:2      | Reached XP level 3. HP: 16/24 MP: 2/6
  3750 | D:2      | Learned a level 3 spell: Call Canine Familiar
  4479 | D:3      | Reached XP level 4. HP: 30/30 MP: 7/7
  5064 | D:4      | Reached XP level 5. HP: 32/35 MP: 4/9
  5111 | D:4      | Learned a level 4 spell: Summon Ice Beast
  5174 | D:4      | Reached skill level 1 in Ice Magic
  5214 | D:4      | Noticed Sigmund
  5753 | D:4      | Reached XP level 6. HP: 38/41 MP: 7/10
  6037 | D:4      | Found a burning altar of Makhleb.
  6037 | D:4      | Found a shadowy altar of Dithmenos.
  6169 | D:5      | Entered Level 5 of the Dungeon
  7002 | D:5      | Reached XP level 7. HP: 42/46 MP: 11/11
  7405 | D:5      | Reached skill level 5 in Ice Magic
  7672 | D:6      | Found Gica's Distillery.
  8080 | D:6      | Found Mubuvien's Food Boutique.
  8143 | D:6      | Reached skill level 5 in Summonings
  8414 | D:5      | Reached XP level 8. HP: 52/52 MP: 0/13
  8515 | D:5      | Learned a level 3 spell: Summon Guardian Golem
  8789 | D:6      | Found Onuilec's General Store.
  8793 | D:6      | Found Replen's Weapon Emporium.
  9003 | D:6      | Reached skill level 6 in Summonings
  9115 | D:6      | Noticed a cyan ugly thing
  9854 | D:6      | Found Mamuaf's Magic Scroll Shoppe.
  9955 | D:6      | Bought a scroll of teleportation for 45 gold pieces
  9955 | D:6      | Bought a scroll of teleportation for 45 gold pieces
  9988 | D:6      | Found an ancient bone altar of Kikubaaqudgha.
 10644 | D:7      | Reached skill level 7 in Summonings
 10902 | D:7      | Reached skill level 5 in Spellcasting
 10982 | D:7      | Learned a level 2 spell: Shroud of Golubria
 10985 | D:7      | Learned a level 2 spell: Blink
 11003 | D:7      | Found a shadowy altar of Dithmenos.
 11016 | D:7      | Found a staircase to the Ecumenical Temple.
 11016 | D:7      | Noticed Duvessa
 11016 | D:7      | Noticed Dowan
 11105 | D:7      | Reached XP level 9. HP: 37/57 MP: 3/16
 11297 | Temple   | Entered the Ecumenical Temple
 11525 | D:7      | Killed Duvessa
 11561 | D:7      | Killed Dowan
 12521 | D:7      | Found a white marble altar of Elyvilon.
 12521 | D:7      | Found a glowing golden altar of the Shining One.
 12521 | D:7      | Found a glowing silver altar of Zin.
 12564 | D:7      | Reached skill level 8 in Summonings
 12802 | D:8      | Found a stormy altar of Qazlal.
 14757 | D:8      | Found a staircase to the Lair.
 15596 | D:9      | Found a deep blue altar of Sif Muna.
 15619 | D:9      | Became a worshipper of Sif Muna the Loreminder
 16170 | D:9      | Reached skill level 9 in Summonings
 16517 | D:9      | Found an iron altar of Okawaru.
 16522 | D:9      | Found a sacrificial altar of Ru.
 16524 | D:9      | Found a radiant altar of Vehumet.
 16673 | D:9      | Found a sparkling altar of Nemelex Xobeh.
 16699 | D:9      | Got an ichor-stained quarterstaff
 16700 | D:9      | Identified the +3 quarterstaff of the Cities {crush, rN++} (You found it on level 9 of the Dungeon)
 17157 | D:9      | Reached * piety under Sif Muna
 17253 | D:9      | Reached XP level 10. HP: 63/63 MP: 11/19
 17521 | D:10     | Entered Level 10 of the Dungeon
 17723 | D:10     | Noticed Maurice
 18013 | D:9      | Reached skill level 1 in Invocations
 19031 | D:10     | Killed Maurice
 19834 | D:10     | Reached skill level 5 in Invocations
 20231 | D:11     | Noticed a cyclops
 20245 | D:11     | Killed a cyclops
 20554 | D:11     | Found a staircase to the Orcish Mines.
 20574 | D:11     | Noticed a cyclops
 20853 | D:11     | Killed a cyclops
 21148 | Lair:1   | Entered Level 1 of the Lair of Beasts
 21663 | Lair:1   | Noticed an eight-headed hydra
 21679 | Lair:1   | Reached skill level 10 in Summonings
 21685 | Lair:1   | Killed an eight-headed hydra
 21685 | Lair:1   | Reached ** piety under Sif Muna
 21733 | Lair:1   | Got a slimy leather armour
 21754 | Lair:1   | Identified the +3 leather armour "Ricohuebe" {-Tele MP+9 Int-3 Dex+3} (You found it on level 1 of the Lair of Beasts)
 21806 | Lair:1   | Noticed a four-headed hydra
 21821 | Lair:1   | Killed a four-headed hydra
 21821 | Lair:1   | Reached XP level 11. HP: 68/68 MP: 20/22
 24225 | Lair:2   | You fall through a shaft!
 24273 | Lair:2   | Found a dark tunnel.
 24476 | Lair:2   | Noticed a four-headed hydra
 24486 | Lair:2   | Killed a four-headed hydra
 24486 | Lair:2   | Reached *** piety under Sif Muna
 24624 | Lair:2   | Got a creamy pearl robe
 24637 | Lair:2   | You fall through a shaft for 2 floors!
 24638 | Lair:4   | annoying!
 24990 | Lair:4   | Reached skill level 1 in Fighting
 25306 | Lair:5   | Reached skill level 1 in Armour
 25414 | Lair:5   | Identified the +2 robe "Vajyulumu" {Int+4} (You found it on level 2 of the Lair of Beasts)
 27679 | Lair:4   | Noticed a six-headed hydra
 27693 | Lair:4   | Killed a six-headed hydra
 27898 | Lair:4   | Noticed an eight-headed hydra
 27906 | Lair:4   | Killed an eight-headed hydra
 28015 | Lair:4   | Reached XP level 12. HP: 84/84 MP: 24/24
 28705 | Lair:5   | Noticed a death yak
 28729 | Lair:5   | Killed a death yak
 28730 | Lair:5   | Noticed a death yak
 28731 | Lair:5   | Noticed a death yak
 28734 | Lair:5   | Noticed a death yak
 28737 | Lair:5   | Killed a death yak
 28756 | Lair:5   | Noticed a death yak
 28763 | Lair:5   | Noticed a death yak
 28810 | Lair:4   | Killed a death yak
 28918 | Lair:4   | Reached skill level 5 in Stealth
 29221 | Lair:5   | Learned a level 5 spell: Shadow Creatures
 29227 | Lair:5   | Learned a level 5 spell: Summon Forest
 29397 | Lair:5   | Reached skill level 1 in Translocations
 29541 | Lair:3   | Killed a death yak
 29764 | Lair:3   | Killed a death yak
 30367 | Lair:5   | Killed a death yak
 30607 | Lair:5   | Found a burning altar of Makhleb.
 30902 | Lair:6   | Reached skill level 5 in Fighting
 30942 | Lair:6   | Found a staircase to the Shoals.
 31152 | Lair:6   | Found a hole to the Spider Nest.
 31208 | Lair:6   | Reached skill level 5 in Dodging
 31897 | Lair:7   | Noticed a four-headed hydra
 31903 | Lair:7   | Killed a four-headed hydra
 31922 | Lair:7   | Found a staircase to the Slime Pits.
 32365 | Lair:7   | Gained mutation: You are in touch with the powers of death. [Mummy growth]
 32365 | Lair:7   | Gained mutation: You can restore your body by infusing magical energy. [Mummy growth]
 32365 | Lair:7   | Reached XP level 13. HP: 84/94 MP: 13/25
 32543 | Lair:8   | Entered Level 8 of the Lair of Beasts
 32874 | Lair:8   | Reached skill level 5 in Armour
 34931 | Lair:8   | Got a warped pewter ring
 34932 | Lair:8   | Identified the ring "Uhiqokhi" {MP+9 SInv Stlth-} (You found it on level 8 of the Lair of Beasts)
 34937 | Lair:8   | Got a twisted hunting sling
 34938 | Lair:8   | Identified the +7 hunting sling of the Blind Eye {velocity, Str+4} (You found it on level 8 of the Lair of Beasts)
 35236 | D:9      | Quit the game

Action                   |  1- 3 |  4- 6 |  7- 9 | 10-12 | 13-15 || total
-------------------------+-------+-------+-------+-------+-------++-------
Melee: Unarmed           |     4 |       |       |       |       ||     4
       Mace              |    19 |       |       |       |       ||    19
       Club              |     7 |       |       |       |       ||     7
       Dagger            |    33 |   172 |   490 |   183 |       ||   878
       Glaive            |       |       |     2 |       |       ||     2
       Halberd           |       |       |       |   285 |    91 ||   376
       Quarterstaff      |       |       |       |     6 |       ||     6
 Fire: Hunting sling     |     9 |       |       |       |       ||     9
Throw: Stone             |       |     2 |     6 |    26 |     2 ||    36
 Cast: Summon Small Mamm |    87 |    29 |    17 |    33 |       ||   166
       Call Imp          |    19 |    26 |    40 |    87 |     8 ||   180
       Call Canine Famil |       |       |    30 |    96 |    12 ||   138
       Summon Ice Beast  |       |       |    66 |   367 |    96 ||   529
       Summon Guardian G |       |       |       |    31 |     6 ||    37
       Shadow Creatures  |       |       |       |    22 |    44 ||    66
       Summon Forest     |       |       |       |     9 |    13 ||    22
       Blink             |       |       |       |     1 |       ||     1
       Shroud of Golubri |       |       |       |       |     1 ||     1
Invok: Channel Energy    |       |       |       |   597 |   225 ||   822
  Use: Scroll            |     2 |     2 |     5 |    15 |     3 ||    27
 Stab: Sleeping          |       |       |     3 |     2 |       ||     5
       Distracted        |       |       |     2 |     5 |     3 ||    10
       Petrified         |       |       |       |       |     1 ||     1
